 Dungeon Crawl Stone Soup version 0.25.1-2-g60ff931df9 (webtiles) character file.

Game seed: 4630318772967315783

131 DogServant the Bolt Thrower (level 5, -7/42 HPs)
             Began as a Vine Stalker Hunter on Oct 16, 2020.
             Engulfed by a cloud of flame (12 damage)
             ... on level 2 of the Dungeon.
             The game lasted 00:03:47 (2155 turns).

DogServant the Bolt Thrower (Vine Stalker Hunter)   Turns: 2155, Time: 00:03:48

Health: -7/42      AC: 22    Str: 11 (14) XL:     5   Next: 14%
Magic:  0/6        EV:  2    Int:  8 (11) God:
Gold:   73         SH:  5    Dex: 15 (16) Spells: 4/4 levels left

rFire    . . .     SeeInvis .   a - +1 hand crossbow
rCold    . . .     Gourm    .   (no shield)
rNeg     + + +     Faith    .   (armour currently unavailable)
rPois    +         Spirit   +   (helmet currently unavailable)
rElec    .         Reflect  +   (cloak currently unavailable)
rCorr    .         Harm     .   (gloves currently unavailable)
MR       .....     NoTele   +   (boots currently unavailable)
Stlth    ++++......             o - amulet of reflection
HPRegen  0.54/turn              e - ring of stealth
MPRegen  0.10/turn              b - ring of teleportation

@: brilliant, tree-form
A: regeneration 1, magic shield, no potion heal 3, rot immunity
a: no special abilities


You were on level 2 of the Dungeon.
You were not hungry.
You were a tree.
You visited 1 branch of the dungeon, and saw 2 of its levels.

You collected 73 gold pieces.

Inventory:

Hand Weapons
 a - a +1 hand crossbow (weapon)
 k - a +0 dagger
Missiles
 d - 44 bolts (quivered)
 j - 26 arrows
Armour
 c - a +1 leather armour (melded)
Jewellery
 b - a ring of teleportation (right branch)
 e - a ring of stealth (left branch)
 o - an amulet of reflection (around neck)
 q - an uncursed ring of stealth
Scrolls
 r - a scroll of identify
Comestibles
 f - 5 rations


   Skills:
 + Level 2.9 Fighting
 + Level 4.4 Crossbows
 - Level 1.5 Dodging
 + Level 3.7 Stealth
 - Level 0.6 Unarmed Combat


You had 4 spell levels left.
You didn't know any spells.
Your spell library was empty.

Dungeon Overview and Level Annotations

Branches:
Dungeon (2/15)

Altars:


Innate Abilities, Weirdness & Mutations

((You have extremely sharp teeth.))
Your natural rate of healing is unusually fast.
When hurt, damage is shared between your health and your magic reserves.
((Your bite disrupts and absorbs the magic of your enemies.))
Potions cannot restore your health.
You are immune to rotting.


Message History

There was something very wrong with that liquid.
You feel weakened.
You feel dopey.
You feel clumsy. Terence hits you but does no damage.
Okay, then.
Okay, then.
Firing (i - inventory)
d - 45 bolts (quivered)
Press: ? - help, Shift-Dir - straight line, f - Terence
Aim: Terence, wielding a +0 mace and wearing a +0 scale mail (inner flame)
You shoot a bolt. The bolt hits Terence!
Flame seeps out of Terence.
Terence is moderately wounded.
Terence is engulfed in blazing flames.
Terence explodes!
The fiery explosion engulfs you!
* * * LOW HITPOINT WARNING * * *
You feel your dexterity returning.
You have reached level 5!
Okay, then.
You feel clever all of a sudden.
You are engulfed in blazing flames.
You die...

######### ........##
#........# ..#####..#
################ #.#
#.)# #..............
#[# #..# #.########...
#.#
#..###.########†#####.#
#..
#.........♣°§...†......
#..#
#.####..######.######.#
#..# #.# ##.# #.# #..##
#.# #.# #$# #... .. #.#
#.. ...####.# #.# #$#
........ #.# .## #...#
#.. . #÷..#


There were no monsters in sight!

Vanquished Creatures
  A crimson imp (D:2)
  Terence (D:2)
  2 adders (D:2)
  A dart slug (D:1)
  2 leopard geckos
  An orc (D:2)
  9 bats
  3 giant cockroaches
  6 goblins (D:1)
  5 hobgoblins
  6 jackals
  2 kobolds (D:1)
  A quokka (D:2)
  4 rats
44 creatures vanquished.

Notes
Turn   | Place    | Note
-------+----------+-------------------------------------------
     0 | D:1      | DogServant the Vine Stalker Hunter began the quest for the
                  | Orb.
     0 | D:1      | Reached XP level 1. HP: 11/11 MP: 2/2
   548 | D:1      | Reached XP level 2. HP: 7/15 MP: 0/3
   985 | D:1      | Reached XP level 3. HP: 15/18 MP: 4/4
  1540 | D:2      | Reached skill level 4 in Crossbows
  1798 | D:2      | Gained mutation: Your natural rate of healing is unusually
                  | fast. [Vine Stalker growth]
  1798 | D:2      | Reached XP level 4. HP: 15/23 MP: 5/5
  2119 | D:2      | Noticed Terence
  2154 | D:2      | Killed Terence
  2154 | D:2      | Reached XP level 5. HP: 5/28 MP: 0/6
  2155 | D:2      | Engulfed by a cloud of flame

Illustrated notes

Levels and vault maps discovered:
D:1:      heliophobic_arrival_battle_scene, layout_basic, minmay_crystal_room
D:2:      layout_loops_ring, lightli_temple_of_fire, uniq_terence

Skill      XL: |  1  2  3 |
---------------+----------+-----
Stealth        | 2 3 |  3.7
Fighting       | 2 |  2.9
Crossbows      | 4 |  4.4
Dodging        | |  1.5
Unarmed Combat | |  0.6

Action                   |  1- 3 |  4- 6 || total
-------------------------+-------+-------++-------
Melee: Unarmed           |    24 |       ||    24
       Bite              |    16 |    43 ||    59
       Dagger            |    45 |   175 ||   220
 Fire: Hand crossbow     |    44 |     1 ||    45
  Use: Scroll            |     3 |     2 ||     5
       Potion            |       |     4 ||     4
 Stab: Sleeping          |     3 |       ||     3
  Eat: Chunk             |     2 |     2 ||     4
Armor: Leather armour    |    27 |    46 ||    73
       Skin              |       |     1 ||     1
Dodge: Dodged            |    61 |   110 ||   171
Block: Other             |     1 |    58 ||    59
